 Dungeon Crawl Stone Soup version 0.21-a0-584-g185da8e (webtiles) character file.

2797 Amnesiac the Martial Artist (level 9, 0/62 HPs)
             Began as an Octopode Transmuter on Dec 20, 2017.
             Was a Believer of Okawaru.
             Slain by a wight
             ... wielding a +5 long sword of freezing
              (3 damage)
             ... on level 6 of the Dungeon.
             The game lasted 00:10:02 (7090 turns).

Amnesiac the Martial Artist (Octopode Transmuter)   Turns: 7090, Time: 00:10:03

Health: 0/62       AC:  1    Str: 10    XL:     9   Next: 71%
Magic:  12/12      EV: 16    Int: 15    God:    Okawaru [**....]
Gold:   474        SH:  5    Dex: 15    Spells: 2/12 levels left

rFire    . . .     SeeInvis .     - Unarmed
rCold    . . .     Gourm    .   (no shield)
rNeg     . . .     Faith    .   (helmet restricted)
rPois    .         Spirit   .   h - +5 amulet of reflection
rElec    .         Reflect  +   (no ring)
rCorr    .         Harm     .   (no ring)
MR       .....                  (no ring)
Stlth    ++........             (no ring)
HPRegen  0.20/turn              (no ring)
MPRegen  0.13/turn              (no ring)
                                (no ring)
                                (no ring)

@: heavily drained
A: almost no armour, stealthy swim, amphibious, 8 rings, constrict 8, camouflage
1, gelatinous body 1
a: Heroism, Renounce Religion


You were on level 6 of the Dungeon.
You worshipped Okawaru.
Okawaru was pleased with you.
You were not hungry.

You visited 1 branch of the dungeon, and saw 7 of its levels.

You collected 474 gold pieces.

Inventory:

Hand Weapons
 q - a +0 hunting sling
 u - the +4 mace of Yxufehidd {venom, Str+3}
   (You found it on level 4 of the Dungeon)

   It poisons the flesh of those it strikes.
   It affects your strength (+3).
Missiles
 a - 142 arrows
 g - 60 poisoned needles
 p - 6 needles of confusion
 r - 66 sling bullets
 A - a throwing net (quivered)
Jewellery
 h - a +5 amulet of reflection (around mantle)
Wands
 z - a wand of acid (9)
 E - a wand of iceblast (4)
Scrolls
 d - a scroll of identify {!r}
 i - 3 scrolls of remove curse {!r}
 k - a scroll of blinking {!r}
 m - 2 scrolls of fog {!r}
 n - 2 scrolls of teleportation {!r}
 x - 2 scrolls of immolation {!r, unknown}
 y - 3 scrolls of enchant weapon {!r, unknown}
 C - a scroll of amnesia {!r}
 F - a scroll of magic mapping {!r}
Potions
 e - 3 potions of curing {!q}
 f - 2 potions of brilliance {!q}
 j - a potion of lignification {!q}
 l - a potion of heal wounds {!q}
 o - 2 potions of agility {!q}
 s - 2 potions of haste {!q}
 t - a potion of cancellation {!q}
 v - a potion of mutation {!q}
 D - a potion of degeneration {!q, unknown}
Books
 b - a book of Changes

   Spells                             Type                      Level
   a - Beastly Appendage              Transmutation                1
   b - Sticks to Snakes               Transmutation                2
   c - Spider Form                    Transmutation/Poison         3
   d - Ice Form                       Ice/Transmutation            4
   e - Blade Hands                    Transmutation                5
 B - a book of Misfortune

   Spells                             Type                      Level
   a - Confusing Touch                Hexes                        1
   b - Confuse                        Hexes                        3
   c - Gell's Gravitas                Translocation                3
   d - Petrify                        Transmutation/Earth          4
   e - Metabolic Englaciation         Hexes/Ice                    5
   f - Yara's Violent Unravelling     Hexes/Transmutation          5
Comestibles
 c - 10 rations
 w - a chunk of flesh


   Skills:
 + Level 5.8(4.5) Fighting
 + Level 5.9(4.6) Dodging
 * Level 8.6(7.2) Unarmed Combat
 - Level 2.0(0.8) Spellcasting
 + Level 5.9(4.6) Transmutations
 + Level 3.0(1.9) Invocations


You had 2 spell levels left.
You knew the following spells:

 Your Spells              Type           Power        Failure   Level  Hunger
a - Beastly Appendage     Tmut           ##....       3%          1    ##.....
b - Sticks to Snakes      Tmut           ##......     5%          2    ###....
c - Ice Form              Ice/Tmut       #.......     67%         4    #####..
e - Spider Form           Tmut/Pois      #.........   28%         3    ####...


Dungeon Overview and Level Annotations

Branches:
Dungeon (7/15)             Temple (0/1) D:5

Altars:
Dithmenos
Fedhas
Hepliaklqana
Okawaru
Qazlal
Uskayaw

Shops:
D:6 :


Innate Abilities, Weirdness & Mutations

You cannot wear most types of armour.
You are very stealthy in the water. (Stealth+)
You are amphibious.
You can wear up to eight rings at the same time.
You can use your tentacles to constrict eight enemies at once.
Your skin changes colour to match your surroundings (Stealth+).
Your rubbery body absorbs attacks. (AC +1, EV +1)


Message History

A leopard gecko and 4 wights come into view.
A wight is wielding a long sword of freezing.
Found a stone staircase leading up.
The leopard gecko hisses angrily.
You barely miss the leopard gecko. You grab the leopard gecko.
You constrict the leopard gecko. The leopard gecko bites you.
You tentacle-slap the leopard gecko.
You kill the leopard gecko!
Okawaru accepts your kill.
A leopard gecko and a phantom come into view.
The leopard gecko hisses angrily.
The wight hits you with a battleaxe.
There is a stone staircase leading up here.
You block the wight's attack. The wight hits you with a battleaxe!
You feel drained. The wight misses you.
You climb upwards.
There is a stone staircase leading down here.
You block the wight's attack.
There is an open door here.
You closely miss the wight. You grab the wight.
You squeeze the wight, but do no damage.
You constrict the wight, but do no damage.
The wight hits you with a battleaxe!
You feel drained.
You bludgeon the wight!
The wight is heavily damaged.
You constrict the wight.
The wight struggles to escape constriction.
You tentacle-slap the wight.
The wight is almost destroyed.
You constrict the wight, but do no damage.
You tentacle-slap the wight. You squeeze the wight.
You destroy the wight!
Okawaru accepts your kill.
Your base Invocations skill increases to level 3!
You bludgeon the wight! You grab the wight.
The wight is heavily damaged.
You constrict the wight, but do no damage.
The wight struggles to escape constriction.
You tentacle-slap the wight but do no damage.
The wight is heavily damaged.
You constrict the wight, but do no damage.
The wight hits you with a great sword!
* * * LOW HITPOINT WARNING * * *
You feel drained.
* * * LOW HITPOINT WARNING * * *
You tentacle-slap the wight but do no damage.
The wight is heavily damaged.
You constrict the wight, but do no damage.
You tentacle-slap the wight. You squeeze the wight.
The wight is almost destroyed.
You constrict the wight, but do no damage.
The wight misses you.
You tentacle-slap the wight.
You destroy the wight!
Okawaru accepts your kill.
You tentacle-slap the wight. You grab the wight.
The wight is moderately damaged.
You constrict the wight.
The wight hits you with a long sword of freezing!
* * * LOW HITPOINT WARNING * * *
You feel drained.
* * * LOW HITPOINT WARNING * * *
The wight freezes you.
You die...

###### ####### #############....#
#.....# ## ............#....#
#.....# #. ............#....#
#.....# #.
............#....####.....# ####
............#.........##### #...
............#.........# ##..
...##########...@.....# #..
...##...#######z#..)).##########'
...........#....###'#............
...........#........#............
...........#........#............
...........#........#............
...####..###.>..##..#............
...####..###....##..#............
......#.........##+##....###'####


You could see a wight.

Vanquished Creatures
  The ghost of KristoblXynda the Chucker, a novice CeGl (D:6)
  Eustachio (D:4)
  Menkaure (D:5)
  An ice beast (D:5)
  4 ogres
  A necrophage (D:5)
  3 centaurs
  2 bullfrogs (D:6)
  A gnoll sergeant (D:6)
  Blork the orc (D:4)
  2 wights (D:6)
  2 howler monkeys
  3 crimson imps
  A quasit (D:6)
  A bullfrog zombie (D:6)
  A centaur skeleton (D:6)
  5 hounds
  A gnoll shaman (D:4)
  A bullfrog skeleton (D:5)
  An orc priest (D:6)
  An iguana (D:4)
  3 worker ants
  2 hound zombies
  A worker ant zombie (D:5)
  Robin (D:4)
  22 gnolls
  7 adders
  An adder skeleton (D:5)
  2 worms
  A dart slug (D:3)
  7 leopard geckos
  5 orcs
  A ball python (D:6)
  6 giant cockroaches
  11 goblins
  11 hobgoblins
  6 kobolds
  2 quokkas
  9 bats
  3 frilled lizards
  A giant cockroach zombie (D:6)
  A leopard gecko skeleton (D:5)
  A leopard gecko zombie (D:6)
  13 rats
152 creatures vanquished.

Vanquished Creatures (collateral kills)
  A gnoll (D:2)
1 creature vanquished.

Grand Total: 153 creatures vanquished

Notes
Turn   | Place    | Note
-------+----------+-------------------------------------------
     0 | D:1      | Amnesiac the Octopode Transmuter began the quest for the Orb.
     0 | D:1      | Reached XP level 1. HP: 13/13 MP: 3/3
   307 | D:1      | Reached XP level 2. HP: 19/19 MP: 5/5
   311 | D:1      | Learned a level 2 spell: Sticks to Snakes
   809 | D:2      | Found a stormy altar of Qazlal.
   965 | D:2      | Found a shadowy altar of Dithmenos.
   972 | D:2      | Reached XP level 3. HP: 16/24 MP: 6/6
  1048 | D:2      | Reached XP level 4. HP: 21/30 MP: 1/7
  1260 | D:1      | Learned a level 3 spell: Spider Form
  1494 | D:2      | Reached skill level 4 in Unarmed Combat
  1494 | D:2      | Reached XP level 5. HP: 5/35 MP: 8/8
  2023 | D:3      | Noticed a centaur
  2034 | D:3      | Killed a centaur
  2034 | D:3      | Reached XP level 6. HP: 24/42 MP: 6/9
  2979 | D:3      | Reached skill level 5 in Unarmed Combat
  3099 | D:3      | Found a blossoming altar of Fedhas.
  3412 | D:4      | Noticed Robin
  3425 | D:4      | Killed Robin
  3669 | D:4      | Got a polished mace
  3670 | D:4      | Identified the +4 mace of Yxufehidd {venom, Str+3} (You found it on level 4 of the Dungeon)
  3698 | D:4      | Reached XP level 7. HP: 34/46 MP: 10/10
  4108 | D:4      | Learned a level 4 spell: Ice Form
  4400 | D:4      | Noticed Blork the orc
  4408 | D:4      | Killed Blork the orc
  4435 | D:4      | Noticed Eustachio
  4460 | D:4      | Killed Eustachio
  4460 | D:4      | Reached skill level 6 in Unarmed Combat
  4638 | D:4      | Found a hazy altar of Hepliaklqana.
  4815 | D:5      | Entered Level 5 of the Dungeon
  4845 | D:5      | Reached XP level 8. HP: 50/54 MP: 8/11
  4982 | D:5      | Found a hide-covered altar of Uskayaw.
  4982 | D:5      | Found an iron altar of Okawaru.
  4986 | D:5      | Became a worshipper of Warmaster Okawaru
  5426 | D:5      | Noticed Menkaure
  5477 | D:5      | Found a staircase to the Ecumenical Temple.
  5495 | D:5      | Reached skill level 7 in Unarmed Combat
  5507 | D:5      | Killed Menkaure
  5507 | D:5      | Reached * piety under Okawaru
  5507 | D:5      | Reached skill level 5 in Dodging
  5764 | D:5      | Reached skill level 5 in Fighting
  5764 | D:5      | Reached skill level 5 in Transmutations
  5923 | D:6      | Reached skill level 1 in Invocations
  5923 | D:6      | Reached XP level 9. HP: 43/61 MP: 12/12
  6192 | D:6      | HP: 2/61 [gnoll sergeant/trident (8)]
  6659 | D:6      | Noticed KristoblXynda's ghost (novice CeGl)
  6679 | D:6      | Killed KristoblXynda's ghost
  6679 | D:6      | Reached ** piety under Okawaru
  6679 | D:6      | Reached skill level 8 in Unarmed Combat
  6780 | D:6      | Found Jetyfi's Book Emporium.
  7090 | D:6      | HP: 3/62 [wight/long sword of freezing (5)]
  7090 | D:6      | Slain by a wight

Vault maps used:
D:1:      giann_wishing_wells, minivault_14,
          hangedman_abyss_or_decor_lesser_grid, solitary_fountain,
          kennysheep_pointless_box
D:2:      nicolae_dithmenos_shadow_blocks, lemuel_round_altar
D:3:      fedhas_altar_4
D:4:      kennysheep_mini_moat, first_ration, uniq_blork_the_orc,
          uniq_eustachio, uniq_robin
D:5:      gammafunk_temple_overflow_wave, temple_fountains, uniq_menkaure
D:6:      kennysheep_six_static_rooms, serial_shops, shop_statue
D:7:      gammafunk_cloud_chamber, lemuel_coloured_pillars_altar,
          nicolae_ru_path_of_blood

Skill      XL: |  1  2  3  4  5  6  7  8  9 |
---------------+----------------------------+-----
Fighting       | 2 3 4 5 |  5.8
Unarmed Combat | 4 5 6 7 8 |  8.6
Dodging        | 3 4 5 |  5.9
Transmutations | 3 4 5 |  5.9
Invocations    | 1 3 |  3.0
Spellcasting   | |  2.0

Action                   |  1- 3 |  4- 6 |  7- 9 || total
-------------------------+-------+-------+-------++-------
Melee: Unarmed           |    53 |   113 |   161 ||   327
       Constrict         |    16 |    23 |    39 ||    78
       Tentacles         |    15 |    13 |    37 ||    65
       Punch             |       |     3 |    11 ||    14
       Mace              |       |     3 |    83 ||    86
 Fire: Hunting sling     |       |    27 |       ||    27
Throw: Throwing net      |       |       |     1 ||     1
 Cast: Sticks to Snakes  |     3 |       |       ||     3
       Spider Form       |       |     5 |     9 ||    14
  Use: Potion            |     1 |       |     3 ||     4
       Scroll            |       |    10 |     5 ||    15
 Stab: Sleeping          |     4 |     6 |     8 ||    18
       Distracted        |       |     1 |     1 ||     2
  Eat: Chunk             |       |    10 |    12 ||    22
Armor: Skin              |     8 |     9 |    12 ||    29
Dodge: Dodged            |    37 |    89 |   157 ||   283
Block: Other             |       |     6 |    47 ||    53

Table legend:
 A = Spawn XP
 B = Non-spawn XP
 C = Spawn XP percentage of total XP
 D = Spawn monster count
 E = Non-spawn monster count
 F = Spawn count percentage of total count
 G = Total turns spent on level
                    A         B        C        D         E        F      G
               +---------+---------+-------+---------+---------+-------+---------
         Total |       0 |    3996 |   0.0 |       0 |     153 |   0.0 |  7090
               +---------+---------+-------+---------+---------+-------+---------
           D:1 |       0 |      38 |   0.0 |       0 |      16 |   0.0 |   983
           D:2 |       0 |     163 |   0.0 |       0 |      22 |   0.0 |  1024
           D:3 |       0 |     317 |   0.0 |       0 |      25 |   0.0 |  1591
           D:4 |       0 |     630 |   0.0 |       0 |      28 |   0.0 |  1482
           D:5 |       0 |    1066 |   0.0 |       0 |      23 |   0.0 |   777
           D:6 |       0 |    1779 |   0.0 |       0 |      38 |   0.0 |  1222
           D:7 |       0 |       3 |   0.0 |       0 |       1 |   0.0 |    11
               +---------+---------+-------+---------+---------+-------+---------
